 Dungeon Crawl Stone Soup version 0.29.1-2-gbd0b4ee654 (webtiles) character file.

Game seed: 2715306134507967381

110329 kingsuperguy the Severer (level 16, -7/106 HPs)
             Began as a Minotaur Berserker on Nov 28, 2022.
             Was the Champion of Trog.
             Killed from afar by a wretched star (18 damage)
             ... with a lance of force
             ... on level 2 of the Abyss.
             The game lasted 01:12:19 (21185 turns).

kingsuperguy the Severer (Minotaur Berserker)      Turns: 21185, Time: 01:12:20

Health: -7/106     AC: 23    Str: 32    XL:     16   Next: 6%
Magic:  10/10      EV:  9    Int: -1 (0) God:    Trog [******]
Gold:   1663       SH: 12    Dex: 14    Spells: 15/15 levels left

rFire   . . .      SeeInvis .   g - +7 broad axe (flame)
rCold   . . .      Faith    .   t - +2 kite shield {AC+3}
rNeg    . . .      Spirit   .   I - +0 plate armour
rPois   .          Reflect  .   (helmet restricted)
rElec   .          Harm     .   B - +2 cloak
rCorr   .          Rampage  .   Z - +2 pair of gloves
Will    .....      Rage     9%  (no boots)
Stlth   ..........              z - amulet of regeneration
HPRegen 1.07/turn               n - +4 ring of slaying
MPRegen 0.12/turn               S - ring "Pabb" {Will- Str+6 Dex+8}

@: on berserk cooldown, slowed, lost intelligence, unable to read, unable to
drink, very slow
A: horns 2, retaliatory headbutt, talons 1, [berserk 2], [clumsy 2], [deformed
body], [deterioration 2], [dopey 2], [frail 3], [low MP 3], [screaming 2],
([teleportitis 2]), [weak 2], [no potion heal 2], [subdued magic 2], [inability
to drink after injury 2]
a: Renounce Religion, Berserk, Trog's Hand, Brothers in Arms


You were on level 2 of the Abyss.
You worshipped Trog.
Trog was exalted by your worship.
You visited 4 branches of the dungeon, and saw 22 of its levels.
You visited the Abyss 1 time.
You also visited: Ossuary and Ice Cave.

You collected 1663 gold pieces.

Inventory:

Hand Weapons
 g - a +7 broad axe of flaming (weapon)
 r - the +5 flail "Yqomuep" {drain, rF++}
   (You found it on level 1 of the Lair of Beasts)

   A truly terrible weapon, it drains the life of any living foe it strikes.
   rF:        It greatly protects you from fire.
 s - the +7 hand axe of Fear {flame, rElec Will- Dex+4 Stlth+}
   (You found it on level 1 of the Lair of Beasts)

   It burns those it strikes, dealing additional fire damage.
   Big, fiery blades are also staple armaments of hydra-hunters.
   Dex:       It affects your dexterity (+4).
   rElec:     It insulates you from electricity.
   Will:      It decreases your willpower.
   Stlth:     It makes you more stealthy.
 K - a +1 executioner's axe of freezing
 L - a +4 broad axe of freezing
 O - a +4 vorpal dire flail
 R - a +1 morningstar of protection
 V - a +4 antimagic battleaxe
Missiles
 f - 13 atropa-tipped darts (quivered)
 y - 2 datura-tipped darts
 H - 6 curare-tipped darts
 X - 29 poisoned darts
Armour
 t - a +2 kite shield of protection (worn)
 B - a +2 cloak (worn)
 I - a +0 plate armour (worn)
 T - the +3 leather armour of the Hammering Gods {Rampage Str+4 Int+3}
   (You found it on level 14 of the Dungeon)

   Str:       It affects your strength (+4).
   Int:       It affects your intelligence (+3).
   Rampage:   It bestows one free step when moving towards enemies.
 U - a +2 pair of boots
 W - a +1 buckler of cold resistance
 Z - a +2 pair of gloves (worn)
Jewellery
 e - a ring of willpower
 h - a ring of see invisible
 k - a ring of flight
 n - a +4 ring of slaying (left hand)
 z - an amulet of regeneration (around neck)
 C - the ring "Toryig" {Ice *Corrode +Blink rPois SInv}
   (You found it in an ice cave)

   [ring of ice]

   It enhances your ice magic.
   rF:        It makes you vulnerable to fire.
   rC:        It protects you from cold.
   rPois:     It protects you from poison.
   SInv:      It lets you see invisible.
   +Blink:    It lets you blink.
   *Corrode:  It may corrode you when you take damage.
 G - a +4 ring of evasion
 N - a ring of protection from fire
 Q - a +6 ring of strength
 S - the ring "Pabb" (right hand) {Will- Str+6 Dex+8}
   (You found it in an ice cave)

   [ring of strength]

   Str:       It affects your strength (+6).
   Dex:       It affects your dexterity (+8).
   Will:      It decreases your willpower.
Wands
 a - a wand of mindburst (7)
 i - a wand of polymorph (5)
 m - a wand of paralysis (10)
 o - a wand of light (17)
 v - a wand of flame (22)
 M - a wand of iceblast (38)
 Y - a wand of digging (17)
Scrolls
 b - 5 scrolls of fear
 c - 4 scrolls of silence
 l - 13 scrolls of teleportation
 D - a scroll of magic mapping
 J - a scroll of acquirement
Potions
 d - 11 potions of heal wounds
 j - 14 potions of curing
 p - 5 potions of ambrosia
 u - a potion of might
 w - a potion of resistance
 x - 2 potions of haste
 E - 2 potions of invisibility
 F - 7 potions of lignification
 P - 2 potions of cancellation
Miscellaneous
 q - a piece from Xom's chessboard (15/15)
 A - a condenser vane (inert)


   Skills:
 * Level 16.3 Fighting
 + Level 18.3(19.8) Axes
 - Level 13.1(17.3) Maces & Flails
 + Level 1.3 Throwing
 + Level 17.6 Armour
 + Level 4.6 Dodging
 + Level 2.3 Stealth
 + Level 8.0 Shields
 + Level 6.3 Evocations


You had 15 spell levels left.
You didn't know any spells.
Your spell library was empty.

Dungeon Overview and Level Annotations

Branches:
Dungeon (15/15)            Temple (0/1) D:5            Lair (5/5) D:11
 Shoals (0/4) Lair:2        Snake (1/4) Lair:3        Slime (1/5) Lair:4
    Orc (0/2) D:12         Vaults (0/5) D:14         Depths (0/4) D:15
Ossuary (visited)           IceCv (visited)

Altars:
Ashenzari
Elyvilon
Kikubaaqudgha
Okawaru
Ru
Trog
Vehumet
Wu Jian
Xom
Zin
Jiyva


Innate Abilities, Weirdness & Mutations

You have a pair of horns on your head.
You reflexively headbutt those who attack you in melee.
You have sharp toenails.
[You have an uncontrollable temper.]
[You are very clumsy. (Dex -4)]
[Armour fits poorly on your strangely shaped body.]
[Your body often deteriorates upon taking damage.]
[You are very dopey. (Int -4)]
[You are extremely frail. (-30% HP)]
[Your magical capacity is extremely low. (-30% MP)]
[You frequently scream uncontrollably at your foes.]
[((You are often teleported next to monsters.))]
[You are very weak. (Str -4)]
[Potions cannot restore your health.]
[Your spells are easier to cast, but less powerful.]
[You sometimes lose the ability to drink potions when taking damage.]


Message History

Your body deteriorates!
You feel dopey.
You are knocked back by the lance of force.
You cannot drink potions in your current state!
You cannot read scrolls in your current state!
The raiju barely misses you. The raiju closely misses you.
You furiously retaliate!
You headbutt the raiju! You slice the raiju!! You burn the raiju.
You kill the raiju!
Trog accepts your kill.
The wretched star glows turbulently.
The lance of force hits you!!
You are knocked back by the lance of force.
You slam into the rock wall!
The wretched star glows turbulently.
The lance of force misses you.
The wretched star glows turbulently.
The lance of force hits you!!
* * * LOW HITPOINT WARNING * * *
You are knocked back by the lance of force.
You slam into the rock wall!
* * * LOW HITPOINT WARNING * * *
You cannot drink potions in your current state!
Clouds of noxious fumes condense around you!
The condenser dries out!
The wretched star pulses with an eldritch light!
Your system partially rejects the healing effects of potions.
Your system completely rejects the healing effects of potions.
The orange demon is engulfed in noxious fumes.
The orange demon appears confused.
The wretched star glows turbulently.
You block the lance of force.
Unknown command.
Aiming: Polymorph
Press: ? - help, Q - select action, (/) - cycle Shift-Dir - straight line
Okay, then.
The orange demon is engulfed in noxious fumes.
The orange demon appears confused.
The wretched star glows turbulently.
The lance of force hits you!!
You die...

. .. .##.##. .
... ..'.....#
. ..######.
...########..
.... ..§§.
..§§§......
.........
...†.##§#####.
.. †....†
#..####*# . .
......#..# #§#
. ........#..#
##.# ##
.....#... #@.#
# #...#...
.####### .
.....####.# ..
..)). #.#
......##.#.#
...... . . . .
#. ## .. . ' #
# # .. #


You could see a wretched star.

Vanquished Creatures
  A tentacled starspawn (Abyss:2)
  An azure jelly (IceCv)
  A black draconian (Abyss:2)
  A red draconian (Abyss:2)
  An ettin (D:15)
  The ghost of gdog the Covert, a journeyman GnDe of Gozag (D:11)
  A great orb of eyes (D:10)
  A yaktaur captain (D:10)
  6 hydras
  A salamander tyrant (Snake:1)
  A boulder beetle (D:11)
  A catoblepas (Lair:5)
  An anaconda (Snake:1)
  A centaur warrior (D:10)
  2 ogre magi
  Erica (D:8)
  A naga warrior (Snake:1)
  17 two-headed ogres
  10 death yaks (Lair:3)
  2 tengu warriors (D:14)
  A naga sharpshooter (Snake:1)
  A wretched star (Abyss:2)
  Amaemon (D:9)
  4 skeletal warriors (D:12)
  A deep troll (D:15)
  Pikel (D:7)
  A lindwurm (Lair:5)
  A necromancer (D:15)
  15 ugly things
  2 wolf spiders (Lair:5)
  2 deep elf pyromancers (D:14)
  A will-o-the-wisp (Abyss:2)
  An orc sorcerer (D:15)
  4 cyclopes
  4 manticores
  3 salamanders (Snake:1)
  23 elephants
  2 guardian serpents
  Maurice (D:8)
  9 black mambas
  A naga mage (Snake:1)
  2 ice statues (IceCv)
  A smoke demon (Abyss:2)
  Joseph (D:7)
  16 cane toads
  A cane toad (shapeshifter) (D:10)
  Maggie (D:9)
  An orange demon (D:9)
  Psyche (D:12)
  An unseen horror (D:12)
  A tormentor (Abyss:2)
  10 komodo dragons
  An efreet (D:8)
  A freezing wraith (D:10)
  7 rime drakes
  A harpy zombie (Abyss:2)
  5 polar bears
  4 trolls
  5 hornets
  The ghost of xian the Firebug, an amateur DrFE (D:7)
  Prince Ribbit (D:5)
  3 raiju (Abyss:2)
  18 dream sheep
  14 blink frogs
  26 slime creatures
  38 yaks
  A spriggan (Lair:4)
  20 wyverns
  A small abomination (Abyss:2)
  A shadow (D:10)
  3 wraiths
  2 large abominations (Abyss:2)
  A redback (Lair:5)
  A hog (shapeshifter) (Abyss:2)
  11 basilisks
  A death yak simulacrum (Lair:1)
  A chaos spawn (Abyss:2)
  4 nagas
  2 acid dragons (D:10)
  Edmund (D:6)
  23 water moccasins
  An ice beast (D:8)
  7 orc warriors
  2 great orb of eyes simulacra (IceCv)
  5 black bears
  4 ogres
  3 wolves (Lair:4)
  3 centaurs
  A phantom (D:5)
  A lemure (D:7)
  6 slime creature simulacra (IceCv)
  A kobold brigand (D:6)
  11 bullfrogs
  A scorpion (D:7)
  2 gnoll sergeants (D:8)
  4 glowing shapeshifter simulacra (IceCv)
  A cane toad simulacrum (Lair:1)
  9 wights
  14 killer bees (D:9)
  An elephant simulacrum (Lair:1)
  2 howler monkeys
  8 electric eels
  10 orc priests
  2 hounds
  3 jellies
  A gnoll bouda (D:5)
  Jessica (D:2)
  2 iguanas
  10 orc wizards
  16 hell rats
  A polar bear simulacrum (Lair:1)
  A wolf simulacrum (Lair:1)
  5 shapeshifter simulacra (IceCv)
  3 mummies (Ossuary)
  10 gnolls
  9 adders
  2 white imps
  An ufetubus (D:4)
  3 adder zombies (Ossuary)
  4 worms
  9 dart slugs
  49 orcs
  8 ball pythons
  6 endoplasms
  3 giant cockroaches
  4 goblins
  7 hobgoblins
  4 jackals (D:2)
  4 quokkas
  7 bats
  A frilled lizard (D:1)
  5 goblin zombies (Ossuary)
  2 hobgoblin zombies (Ossuary)
  7 kobolds
  3 kobold zombies (Ossuary)
  An orc zombie (Ossuary)
  4 quokka zombies (Ossuary)
  3 rats
  2 bushes (Lair:4)
665 creatures vanquished.

Vanquished Creatures (others)
  2 two-headed ogres (D:11)
  A human (D:9)
  A dart slug (D:6)
  6 foxfires (Abyss:2)
  25 fungi
  44 plants
  4 starspawn tentacles (Abyss:2)
83 creatures vanquished.

Grand Total: 748 creatures vanquished

Notes
Turn   | Place    | Note
-------+----------+-------------------------------------------
     0 | D:1      | kingsuperguy the Minotaur Berserker began the quest for the
                  | Orb.
     0 | D:1      | Reached XP level 1. HP: 19/19 MP: 0/0
   425 | D:1      | Reached XP level 2. HP: 27/27 MP: 1/1
   563 | D:1      | Found a faded altar of an unknown god.
   614 | D:1      | Reached skill level 4 in Axes
  1557 | D:2      | Reached XP level 3. HP: 34/34 MP: 2/2
  1775 | D:2      | Reached ** piety under Trog
  1884 | D:2      | Noticed Jessica
  1886 | D:2      | Killed Jessica
  1887 | D:2      | Reached XP level 4. HP: 41/41 MP: 3/3
  2380 | D:3      | Reached skill level 5 in Fighting
  2380 | D:3      | Reached skill level 5 in Axes
  2380 | D:3      | Reached XP level 5. HP: 29/48 MP: 4/4
  3729 | D:4      | Found a sand-covered staircase.
  3734 | Ossuary  | Entered an ossuary
  4031 | Ossuary  | Reached *** piety under Trog
  4039 | Ossuary  | Reached XP level 6. HP: 56/56 MP: 5/5
  4346 | D:4      | Reached skill level 6 in Axes
  4884 | D:5      | Entered Level 5 of the Dungeon
  4942 | D:5      | Found an iron altar of Okawaru.
  4953 | D:5      | Found a staircase to the Ecumenical Temple.
  5009 | D:5      | Noticed an orc warrior
  5016 | D:5      | Noticed Prince Ribbit
  5019 | D:5      | Killed an orc warrior
  5020 | D:5      | Reached skill level 7 in Axes
  5020 | D:5      | Reached XP level 7. HP: 62/62 MP: 6/6
  5020 | D:5      | Reached **** piety under Trog
  5042 | D:5      | Killed Prince Ribbit
  5043 | D:5      | Reached skill level 5 in Armour
  5132 | D:5      | Reached skill level 8 in Axes
  5411 | D:5      | Found a bloodstained altar of Trog.
  5415 | D:5      | Found a glowing silver altar of Zin.
  5420 | D:5      | Found a shimmering altar of Xom.
  5458 | D:6      | Noticed Edmund
  5472 | D:6      | Killed Edmund
  5473 | D:6      | Reached XP level 8. HP: 59/71 MP: 7/7
  5621 | D:6      | Reached skill level 9 in Axes
  5666 | D:6      | You fall into a shaft and drop 3 floors!
  5674 | D:9      | Noticed Maggie
  5680 | D:9      | Killed Maggie
  5758 | D:9      | Reached XP level 9. HP: 54/79 MP: 8/8
  5826 | D:9      | Reached skill level 5 in Maces & Flails
  5855 | D:9      | Found a broken altar of Ashenzari.
  5855 | D:9      | Noticed Amaemon
  5855 | D:9      | Noticed an orange demon
  6164 | D:6      | Reached ***** piety under Trog
  6291 | D:6      | Found an ornate altar of the Wu Jian Council.
  6571 | D:6      | Found a radiant altar of Vehumet.
  6699 | D:7      | Found a white marble altar of Elyvilon.
  6749 | D:7      | Noticed Joseph
  6766 | D:7      | Killed Joseph
  6999 | D:7      | Reached skill level 1 in Stealth
  7028 | D:7      | Found a runed translucent gate.
  7028 | D:7      | Found a runed translucent gate.
  7028 | D:7      | Found a runed translucent gate.
  7028 | D:7      | Noticed xian's ghost (amateur DrFE)
  7047 | D:7      | Noticed Pikel
  7071 | D:7      | Killed Pikel
  7072 | D:7      | Reached skill level 10 in Armour
  7072 | D:7      | Reached XP level 10. HP: 88/88 MP: 9/9
  7097 | D:7      | Gained mutation: [Your magical capacity is low. (-10% MP)]
                  | [potion of mutation]
  7121 | D:7      | Lost mutation: [Your magical capacity is low. (-10% MP)]
                  | [potion of mutation]
  7121 | D:7      | Gained mutation: You have sharp toenails. [potion of
                  | mutation]
  7315 | D:7      | Killed xian's ghost
  7397 | D:8      | Noticed Erica
  7410 | D:8      | Killed Erica
  7631 | D:8      | Noticed Maurice
  7673 | D:8      | Reached skill level 10 in Maces & Flails
  7821 | D:8      | Killed Maurice
  8746 | D:9      | Noticed a two-headed ogre
  8752 | D:9      | Killed a two-headed ogre
  8753 | D:9      | Reached XP level 11. HP: 78/95 MP: 10/10
  8835 | D:9      | Paralysed by a hornet for 3 turns
  8966 | D:9      | Found an ancient bone altar of Kikubaaqudgha.
  9051 | D:9      | Reached skill level 1 in Evocations
  9058 | D:9      | Killed Amaemon
  9462 | D:10     | Entered Level 10 of the Dungeon
  9584 | D:10     | Noticed a two-headed ogre
  9588 | D:10     | Killed a two-headed ogre
  9666 | D:10     | Noticed a two-headed ogre
  9668 | D:10     | Killed a two-headed ogre
  9669 | D:10     | Reached skill level 1 in Throwing
  9678 | D:10     | Received a gift from Trog
  9701 | D:10     | Found the +3 robe of Clouds {*Thunder rCloud rElec}
  9702 | D:10     | Identified the +4 war axe of Iles {flame, rElec rPois
                  | rCorr}
  9737 | D:10     | Noticed a yaktaur captain
  9741 | D:10     | Killed a yaktaur captain
  9885 | D:10     | Noticed a centaur warrior
  9886 | D:10     | Killed a centaur warrior
  9924 | D:10     | Reached XP level 12. HP: 106/106 MP: 11/11
  9963 | D:10     | Reached skill level 10 in Fighting
 10002 | D:10     | Noticed a great orb of eyes
 10008 | D:10     | Killed a great orb of eyes
 10177 | D:11     | Found a transporter.
 10177 | D:11     | Noticed a two-headed ogre
 10178 | D:11     | Noticed gdog's ghost (journeyman GnDe)
 10179 | D:11     | Noticed a two-headed ogre
 10179 | D:11     | Noticed a two-headed ogre
 10180 | D:11     | Noticed a two-headed ogre
 10183 | D:11     | Noticed a two-headed ogre
 10349 | D:11     | Found a staircase to the Lair.
 10356 | D:11     | Reached skill level 10 in Axes
 10365 | Lair:1   | Entered Level 1 of the Lair of Beasts
 10389 | Lair:1   | Found a frozen archway.
 10412 | IceCv    | Entered an ice cave
 10782 | IceCv    | Reached skill level 11 in Axes
 11105 | IceCv    | Found a viscous altar of Jiyva.
 11105 | IceCv    | Noticed an azure jelly
 11113 | IceCv    | Killed an azure jelly
 11128 | IceCv    | Reached skill level 12 in Axes
 11165 | IceCv    | Identified the ring "Pabb" {Will- Str+6 Dex+8}
 11171 | IceCv    | Got the ring "Toryig" {Ice *Corrode +Blink rPois SInv}
 11337 | Lair:1   | Identified the +5 flail "Yqomuep" {drain, rF++}
 11390 | Lair:1   | Reached skill level 1 in Shields
 11507 | Lair:1   | Noticed an eight-headed hydra
 11513 | Lair:1   | Killed a seven-headed hydra
 11620 | Lair:1   | Identified the +7 hand axe of Fear {flame, rElec Will-
                  | Dex+4 Stlth+}
 11987 | Lair:1   | Noticed a five-headed hydra
 11993 | Lair:1   | Killed a five-headed hydra
 12147 | Lair:2   | Reached skill level 15 in Armour
 12192 | Lair:2   | Reached XP level 13. HP: 116/116 MP: 12/12
 12455 | Lair:2   | Found a staircase to the Shoals.
 13097 | Lair:3   | Reached skill level 13 in Axes
 13105 | Lair:3   | Reached ****** piety under Trog
 13110 | Lair:3   | Reached skill level 5 in Shields
 13281 | Lair:3   | Found a staircase to the Snake Pit.
 13496 | Snake:1  | Entered Level 1 of the Snake Pit
 13684 | Snake:1  | Reached skill level 5 in Evocations
 14186 | Lair:3   | Reached XP level 14. HP: 78/127 MP: 13/13
 14188 | Lair:3   | Reached skill level 14 in Axes
 15050 | Lair:4   | Found a viscous altar of Jiyva.
 15054 | Lair:4   | Found a staircase to the Slime Pits.
 15546 | Slime:1  | Entered Level 1 of the Pits of Slime
 15546 | Slime:1  | Noticed a rockslime
 15578 | Lair:5   | Entered Level 5 of the Lair of Beasts
 15658 | Lair:5   | Received a gift from Trog
 15809 | Lair:5   | Reached skill level 15 in Axes
 16015 | Lair:5   | Found a sacrificial altar of Ru.
 16474 | Lair:5   | Reached skill level 16 in Axes
 16488 | Lair:5   | Received a gift from Trog
 16497 | Lair:5   | Reached XP level 15. HP: 79/138 MP: 14/14
 18247 | D:11     | Found a transporter.
 18285 | D:11     | Killed gdog's ghost
 18509 | D:12     | Noticed Psyche
 18515 | D:12     | Reached skill level 17 in Axes
 18528 | D:12     | Killed Psyche
 18886 | D:12     | Found a staircase to the Orcish Mines.
 19000 | D:12     | Identified a scroll of acquirement
 19572 | D:13     | Received a gift from Trog
 19997 | D:14     | Reached skill level 15 in Fighting
 20181 | D:14     | Paralysed by something for 5 turns
 20192 | D:14     | Reached skill level 18 in Axes
 20329 | D:14     | Identified the +3 leather armour of the Hammering Gods
                  | {Rampage Str+4 Int+3}
 20547 | D:14     | Found a gate to the Vaults.
 20792 | D:15     | Entered Level 15 of the Dungeon
 20870 | D:15     | Found a staircase to the Depths.
 20878 | Abyss:2  | Cast into level 2 of the Abyss (a wizard)
 20883 | Abyss:2  | Found a stormy altar of Qazlal.
 20978 | Abyss:2  | Noticed a tentacled starspawn
 20998 | Abyss:2  | Killed a tentacled starspawn
 20998 | Abyss:2  | Received a gift from Trog
 21008 | Abyss:2  | Reached XP level 16. HP: 104/151 MP: 15/15
 21157 | Abyss:2  | Lost intelligence.
 21185 | Abyss:2  | Killed from afar by a wretched star

Illustrated notes

Levels and vault maps discovered:
D:1:      sevenhm_arrival_forest_fort_large_4, layout_basic,
          shapermc_ecumenical_altar_rom_forum
D:2:      layout_loops_ring, uniq_jessica
D:3:      layout_basic
D:4:      layout_gridville, enter_ossuary_2, hangedman_decor_opposing,
          minmay_increasing_density
D:5:      layout_cave_pools, grunt_temple_overflow_diamond, okawaru_trees_2,
          temple_fountains, minmay_misc_feat_pillars, uniq_prince_ribbit1
D:6:      kennysheep_slugbush, layout_basic, marbit_many_paths,
          mainiacjoe_overflow_six_doors_small, uniq_edmund
D:7:      layout_basic, kennysheep_little_box, ebering_ghost_rock_garden,
          uniq_joseph, uniq_pikel
D:8:      cheibrodos_two_vegetables, layout_basic, mrwooster_statue_mirror,
          chequers_serial_rivers_small_3, feat_on_display, uniq_maurice,
          uniq_erica
D:9:      layout_irregular_city, tgw_kikubaaqudgha, overflow_temple_1_default,
          uniq_amaemon, uniq_maggie
D:10:     minmay_chopped_fan, layout_rooms
D:11:     layout_loops_corners, david_lair_generic, gammafunk_ghost_smash
D:12:     layout_loops_cross, orc_0_dummy, uniq_psyche
D:13:     layout_grid_maze, special_room [special_room_orc]
D:14:     layout_cave_pools, david_vaults_2, corexii_leaking_fountain,
          onia_ninara_dug_in_and_dangerous
D:15:     hangedman_depths_entry_civil_slaughter, layout_basic, fedhas_altar_4,
          nicolae_uskayaw_en_pointe
Lair:1:   layout_regular_city, portal_ice_cave_entry_ice_simulacra
Lair:2:   layout_regular_city, shoals_dummy_entry,
          chequers_serial_rivers_micro_b, beast_lair_carwin_3
Lair:3:   wander_river, layout_cave_shapes, guppyfry_snake_entry_island
Lair:4:   layout_misc_corridors, slime_entry_1, special_room
          [special_room_mythical_zoo], grunt_forest_stairs_clearing,
          infiniplex_staircase_pool
Lair:5:   hangedman_lair_tendril_chambers, layout_cave_pods, basic_altar,
          st_stairs_4
Snake:1:  kennysheep_six_static_rooms, layout_onion, nicolae_triple_integral
Slime:1:  layout_caves
Abyss:2:  base:
D:3

Skill      XL: |  1  2  3  4  5  6  7  8  9 10 11 12 13 14 15 16 |
---------------+-------------------------------------------------+-----
Fighting       | 4 5 6 7 8 9 11 12 14 16 | 16.3
Axes           | 4 5 7 8 9 12 13 16 18 | 18.3
Armour         | 3 4 5 7 10 11 13 15 16 17 | 17.6
Dodging        | 3 4 |  4.6
Maces & Flails | 4 8 11 13 | 13.1
Stealth        | 1 2 |  2.3
Evocations     | 1 2 5 6 |  6.3
Throwing       | 1 |  1.3
Shields        | 2 6 7 8 |  8.0

Action                   |  1- 3 |  4- 6 |  7- 9 | 10-12 | 13-15 | 16-18 || total
-------------------------+-------+-------+-------+-------+-------+-------++-------
Melee: Hand axe          |    66 |   133 |    45 |       |       |       ||   244
       Headbutt          |    10 |    23 |    19 |    63 |   136 |     5 ||   256
       Punch             |     1 |     1 |     1 |     1 |       |       ||     4
       Dire flail        |       |       |   129 |   146 |       |       ||   275
       Kick              |       |       |       |   102 |   221 |     5 ||   328
       Broad axe         |       |       |       |   132 |   250 |    28 ||   410
       Flail             |       |       |       |    53 |   104 |       ||   157
       Executioner's axe |       |       |       |       |   256 |       ||   256
Throw: Dart              |       |       |       |     4 |     3 |       ||     7
Invok: Berserk           |       |     2 |     3 |     2 |     3 |       ||    10
Evoke: Wand              |       |       |       |    19 |     1 |       ||    20
       Condenser vane    |       |       |       |       |     1 |     1 ||     2
  Use: Scroll            |       |     9 |     2 |    11 |    17 |       ||    39
       Potion            |       |       |       |     3 |     6 |       ||     9
 Stab: Invisible         |       |       |       |     2 |       |       ||     2
Armor: Animal skin       |     4 |       |       |       |       |       ||     4
       Leather armour    |    15 |    27 |       |       |       |       ||    42
       Plate armour      |       |    19 |   129 |   180 |   448 |    10 ||   786
Dodge: Dodged            |    25 |    63 |    71 |   120 |   261 |     5 ||   545
Block: Buckler           |       |       |       |    11 |    74 |       ||    85
       Kite shield       |       |       |       |       |    32 |    10 ||    42
